 Dungeon Crawl Stone Soup version 0.29-a0-982-gaed3a0c8d8 (webtiles) character file.

Game seed: 5399226487515874520

770397 pokeman the Archmage (level 27, -20/170 HPs)
             Began as a Deep Elf Hedge Wizard on July 31, 2022.
             Was the Champion of Vehumet.
             Blown up by a cacodemon (42 damage)
             ... with a bolt of energy
             ... in Pandemonium on Aug 1, 2022.
             The game lasted 06:35:40 (95954 turns).

pokeman the Archmage (Deep Elf Hedge Wizard)       Turns: 95954, Time: 06:35:40

Health: -20/170    AC: 33    Str: 20    XL:     27
Magic:  57/61      EV: 11    Int: 41    God:    Vehumet [******]
Gold:   8756       SH:  6    Dex: 13    Spells: 24/80 levels left

rFire   + + +      SeeInvis +   M - staff of conjuration
rCold   . . .      Faith    .   V - +1 buckler {AC+3}
rNeg    . . .      Spirit   .   N - +6 scale mail of the Other Side {rPois Str+6}
rPois   +          Reflect  .   v - +4 helmet "Damnable Contraption" {Drain Fly rF+++ Str+3}
rElec   .          Harm     .   c - +2 cloak {Stlth+}
rCorr   .          Rampage  .   R - +1 pair of gloves of Noughts and Crosses {+Blink}
Will    ++...                   A - +0 pair of boots of Xyunegh {Drain SInv Stlth+}
Stlth   +++.......              C - amulet of magic regeneration
HPRegen 0.38/turn               B - ring of fire
MPRegen 0.77/turn               T - ring of the Evening {Ice Int+8}

@: flying, studying 5 skills
A: high MP 1, strong 1
}: 6/15 runes: serpentine, barnacled, slimy, silver, abyssal, demonic
a: Renounce Religion, Evoke Blink


You were in Pandemonium.
You worshipped Vehumet.
Vehumet was exalted by your worship.
You visited 12 branches of the dungeon, and saw 56 of its levels.
You visited Pandemonium 1 time, and saw 2 of its levels.
You visited the Abyss 1 time.
You also visited: Trove and Gauntlet.

You collected 10453 gold pieces.
You spent 1697 gold pieces at shops.

Inventory:

Hand Weapons
 I - the +5 shortbow of Votuhe {venom, rC+}
   (You found it on level 3 of the Elven Halls)

   Any ammunition fired from it poisons the flesh of those it strikes.
   rC:        It protects you from cold.
 U - the +10 morningstar "Eos" {elec, Halo rElec}
   (You found it on level 3 of the Crypt)

   It occasionally discharges a powerful burst of electricity upon striking a
   foe.
   It grants its wielder a halo, revealing invisible creatures and increasing
   accuracy against all within it other than the wielder.
   rElec:     It insulates you from electricity.
 Y - the +8 flail of Insomnia {vamp, *Rage rN++ Int+5}
   (You found it in a Gauntlet)

   It occasionally heals its wielder for a portion of the damage dealt when it
   wounds a living foe.
   Int:       It affects your intelligence (+5).
   rN:        It greatly protects you from negative energy.
   *Rage:     It berserks you when you make melee attacks (+20% chance).
Armour
 c - a +2 cloak of stealth (worn)
 u - a +0 ring mail of cold resistance
 v - the +4 helmet "Damnable Contraption" (worn) {Drain Fly rF+++ Str+3}
   (You took it off Robin on level 3 of the Dungeon)

   Str:       It affects your strength (+3).
   rF:        It renders you almost immune to fire.
   Fly:       It grants you flight.
   Drain:     It drains your maximum health when unequipped.
 A - the +0 pair of boots of Xyunegh (worn) {Drain SInv Stlth+}
   (You found it on level 4 of the Dungeon)

   SInv:      It lets you see invisible.
   Drain:     It drains your maximum health when unequipped.
   Stlth:     It makes you more stealthy.
 N - the +6 scale mail of the Other Side (worn) {rPois Str+6}
   (You found it on level 5 of the Pits of Slime)

   Str:       It affects your strength (+6).
   rPois:     It protects you from poison.
 R - the +1 pair of gloves of Noughts and Crosses (worn) {+Blink}
   (You took it off Nikola on level 1 of the Shoals)

   +Blink:    It lets you blink.
 V - a +1 buckler of protection (worn)
Magical Staves
 M - a staff of conjuration (weapon)
Jewellery
 q - a +6 ring of strength
 B - a ring of fire (left hand)
 C - an amulet of magic regeneration (around neck)
 P - a ring of protection from cold
 S - the ring of Jatt {rElec rF+ rC+ Str+4}
   (You found it on level 3 of the Crypt)

   [ring of protection from fire]

   Str:       It affects your strength (+4).
   rF:        It protects you from fire.
   rC:        It protects you from cold.
   rElec:     It insulates you from electricity.
 T - the ring of the Evening (right hand) {Ice Int+8}
   (You took it off Josephina on level 4 of the Depths)

   [ring of ice]

   It enhances your ice magic.
   Int:       It affects your intelligence (+8).
   rF:        It makes you vulnerable to fire.
   rC:        It protects you from cold.
Wands
 b - a wand of digging (13)
 l - a wand of polymorph (14)
 m - a wand of acid (7)
Scrolls
 a - 5 scrolls of blinking
 h - 23 scrolls of teleportation
 n - 14 scrolls of magic mapping
 o - a scroll of amnesia
 r - 11 scrolls of butterflies
 x - 9 scrolls of fear
Potions
 d - 8 potions of magic
 f - 7 potions of mutation
 g - 5 potions of haste
 p - 20 potions of heal wounds
 s - a potion of resistance
 t - a potion of ambrosia
 z - 21 potions of curing
Miscellaneous
 e - a box of beasts
 i - a condenser vane
 j - a piece from Xom's chessboard (15/15)
 k - a tin of tremorstones (2/2)
 F - a phantom mirror
 K - a phial of floods
 L - a lightning rod (4/4)
 Z - a phantom mirror


   Skills:
 + Level 16.7 Fighting
 + Level 17.4 Armour
 - Level 3.0 Dodging
 - Level 3.1 Stealth
 - Level 5.0 Shields
 O Level 27 Spellcasting
 O Level 27 Conjurations
 * Level 23.8 Summonings
 + Level 15.4 Necromancy
 - Level 1.1 Translocations
 - Level 1.0 Transmutations
 O Level 27 Fire Magic
 - Level 1.0 Ice Magic
 - Level 1.2 Air Magic
 - Level 1.1 Earth Magic
 - Level 1.0 Poison Magic
 - Level 1.2 Evocations


You had 24 spell levels left.
You knew the following spells:

 Your Spells              Type           Power      Damage    Failure   Level
a - Magic Dart            Conj           100%       1d8       0%          1
b - Mephitic Cloud        Conj/Pois/Air  100%       N/A       1%          3
c - Call Imp              Summ           100%       N/A       0%          2
d - Blink                 Tloc           100%       N/A       1%          2
e - Conjure Flame         Conj/Fire      100%       6-21      0%          3
f - Fireball              Conj/Fire      93%        3d34      0%          5
g - Fire Storm            Conj/Fire      93%        8d24      1%          9
h - Orb of Destruction    Conj           80%        9d18      0%          7
i - Iron Shot             Conj/Erth      65%        9d12      1%          6
j - Swiftness             Air            60%        N/A       1%          3
k - Haunt                 Necr/Summ      60%        N/A       1%          7
l - Wereblood             Tmut           59%        N/A       1%          2
m - Foxfire               Conj/Fire      100%       2x1d9     0%          1
n - Freezing Cloud        Conj/Ice/Air   70%        6-21      1%          5

Your spell library contained the following spells:

 Spells                   Type           Power      Damage    Failure   Level
 Chain Lightning          Conj/Air       65%        3d86      47%         9
 Polar Vortex             Ice            38%        N/A       100%        9
 Necrotise                Necr           100%       1d9       0%          1
 Shock                    Conj/Air       100%       1d9       0%          1
 Summon Small Mammal      Summ           100%       N/A       0%          1
 Scorch                   Fire           100%       2d10      0%          2
 Searing Ray              Conj           100%       2d8       0%          2
 Static Discharge         Conj/Air       100%       3-16/arc  0%          2
 Sublimation of Blood     Necr           100%       N/A       0%          2
 Call Canine Familiar     Summ           100%       N/A       0%          3
 Inner Flame              Hex/Fire       100%       N/A       0%          3
 Stone Arrow              Conj/Erth      100%       3d13      0%          3
 Summon Guardian Golem    Hex/Summ       100%       N/A       0%          3
 Vampiric Draining        Necr           100%       2d13      0%          3
 Animate Dead             Necr           100%       N/A       0%          4
 Dispel Undead            Necr           100%       3d31      0%          4
 Hailstorm                Conj/Ice       100%       3d20      0%          4
 Iskenderun's Mystic Bla  Conj/Tloc      100%       2d19      0%          4
 Sticky Flame             Conj/Fire      100%       2d11      0%          4
 Starburst                Conj/Fire      93%        6d23      0%          6
 Spellforged Servitor     Conj/Summ      78%        N/A       0%          7
 Apportation              Tloc           100%       N/A       1%          1
 Beastly Appendage        Tmut           100%       N/A       1%          1
 Freeze                   Ice            100%       1d11      1%          1
 Sandblast                Erth           100%       2d20      1%          1
 Slow                     Hex            100%       N/A       1%          1
 Sting                    Tmut/Pois      100%       1d8       1%          1
 Ensorcelled Hibernation  Hex/Ice        100%       N/A       1%          2
 Passwall                 Tmut/Erth      49%        N/A       1%          2
 Poisonous Vapours        Pois/Air       100%       N/A       1%          2
 Frozen Ramparts          Ice            100%       1d18      1%          3
 Gell's Gravitas          Tloc           59%        N/A       1%          3
 Ignite Poison            Fire/Tmut/Pois 100%       N/A       1%          3
 Lesser Beckoning         Tloc           59%        N/A       1%          3
 Ozocubu's Armour         Ice            77%        N/A       1%          3
 Portal Projectile        Hex/Tloc       100%       N/A       1%          3
 Spider Form              Tmut/Pois      59%        N/A       1%          3
 Teleport Other           Tloc           59%        N/A       1%          3
 Airstrike                Air            30%        0-10+     1%          4
 Anguish                  Hex/Necr       43%        N/A       1%          4
 Animate Armour           Summ/Erth      100%       N/A       1%          4
 Corpse Rot               Necr/Pois/Air  81%        N/A       1%          4
 Fulminant Prism          Conj/Hex       64%        3d27      1%          4
 Olgreb's Toxic Radiance  Pois           59%        N/A       1%          4
 Summon Ice Beast         Ice/Summ       100%       N/A       1%          4
 Summon Lightning Spire   Summ/Air       100%       N/A       1%          4
 Agony                    Necr           100%       N/A       1%          5
 Borgnjor's Vile Clutch   Necr/Erth      44%        N/A       1%          5
 Irradiate                Conj/Tmut      65%        3d33      1%          5
 Lightning Bolt           Conj/Air       65%        1d89      1%          5
 Summon Forest            Summ/Tloc      51%        N/A       1%          5
 Summon Mana Viper        Hex/Summ       100%       N/A       1%          5
 Conjure Ball Lightning   Conj/Air       65%        3x3d23    1%          6
 Death Channel            Necr           55%        N/A       1%          6
 Summon Hydra             Summ           64%        N/A       1%          7
 Ignition                 Fire           80%        3d21      1%          8
 Summon Horrible Things   Summ           64%        N/A       1%          8
 Confusing Touch          Hex            53%        N/A       2%          3
 Tukima's Dance           Hex            53%        N/A       2%          3
 Lee's Rapid Deconstruct  Erth           29%        3d16*     3%          5
 Simulacrum               Ice/Necr       55%        N/A       3%          6
 Malign Gateway           Summ/Tloc      51%        N/A       3%          7
 Ice Form                 Ice/Tmut       77%        N/A       4%          4
 Petrify                  Tmut/Erth      59%        N/A       4%          4
 Yara's Violent Unravell  Hex/Tmut       28%        3d12      4%          5
 Dragon's Call            Summ           64%        N/A       4%          9
 Leda's Liquefaction      Hex/Erth       28%        N/A       6%          4
 Cause Fear               Hex            26%        N/A       7%          4
 Borgnjor's Revivificati  Necr           55%        N/A       9%          8
 Infestation              Necr           55%        N/A       9%          8
 Alistair's Intoxication  Tmut/Pois      39%        N/A       13%         5
 Blade Hands              Tmut           29%        N/A       13%         5
 Manifold Assault         Tloc           59%        N/A       13%         5
 Metabolic Englaciation   Hex/Ice        36%        N/A       16%         5
 Eringya's Noxious Bog    Tmut/Pois      29%        N/A       19%         6
 Dispersal                Tloc           29%        N/A       56%         6
 Statue Form              Tmut/Erth      39%        N/A       56%         6
 Ozocubu's Refrigeration  Ice            38%        4d16      67%         7
 Death's Door             Necr           55%        N/A       78%         9
 Necromutation            Tmut/Necr      44%        N/A       85%         8
 Storm Form               Tmut/Air       29%        N/A       98%         7
 Dragon Form              Tmut           29%        N/A       99%         7
 Enfeeble                 Hex            26%        N/A       99%         7
 Maxwell's Capacitive Co  Air            30%        ∞         99%         8
 Discord                  Hex            26%        N/A       100%        8
 Disjunction              Tloc           29%        N/A       100%        8


Dungeon Overview and Level Annotations

Branches:
Dungeon (15/15)            Temple (1/1) D:6            Lair (5/5) D:11
 Shoals (4/4) Lair:3        Snake (4/4) Lair:3        Slime (5/5) Lair:5
    Orc (2/2) D:12            Elf (3/3) Orc:2        Vaults (5/5) D:13
  Crypt (3/3) Vaults:3       Tomb (0/3) Crypt:3      Depths (4/4) D:15
    Zot (5/5) Depths:4    Gauntlet (visited)

Altars:
Ashenzari
Cheibriados
Dithmenos
Elyvilon
Fedhas
Gozag
Hepliaklqana
Kikubaaqudgha
Makhleb
Nemelex Xobeh
Okawaru
Qazlal
Ru
Sif Muna
Trog
Uskayaw
Vehumet
Wu Jian
Xom
Yredelemnul
Zin
The Shining One
Jiyva

Shops:
D:4 *   D:5 *[[?!   Orc:1 (   Orc:2 *:[!   Elf:1 *   Elf:2 [   Elf:3 *
Shoals:1 ?:[(   Shoals:4 !   Snake:3 (!*([   Snake:4 [   Vaults:3 !
Vaults:5 !   Depths:1 =::

Portals:
Hell: Depths:1 Depths:2 Depths:3 Depths:4
Abyss: Depths:3 Depths:4
Pandemonium: Depths:2
Ziggurat: Depths:4


Innate Abilities, Weirdness & Mutations

You have an increased reservoir of magic. (+10% MP)
Your muscles are strong. (Str +4, Int/Dex -1)


Message History

The Executioner is engulfed in blazing flames.
You block the Executioner's attack. The Executioner hits you.
* * * LOW HITPOINT WARNING * * *
The Executioner hits you but does no damage.
The Executioner is engulfed in blazing flames.
The Executioner hits you but does no damage.
You block the Executioner's attack. The Executioner barely misses you.
The Executioner hits you!
* * * LOW HITPOINT WARNING * * *
The Executioner closely misses you.
The Executioner hits you but does no damage.
Unknown command.
Casting: Fire Storm (mildly dangerous; 1% risk of failure)
Confirm with . or Enter, or press ? or * to list all spells.
Aiming: Iron Shot (mildly dangerous; 1% risk of failure)
Press: ? - help, Shift-Dir - straight line, f - Executioner
Aim: an Executioner (flame, almost dead, fast, 68% to hit)
You feel a surge of power!
The iron shot misses the Executioner.
The Executioner is engulfed in blazing flames.
The Executioner closely misses you.
The Executioner hits you but does no damage.
The Executioner barely misses you.
The Executioner is engulfed in blazing flames.
You kill the Executioner!
Vehumet accepts your kill.
You feel your power returning.
A tormentor comes into view.
You hear a grinding noise.
Casting: Iron Shot (mildly dangerous; 1% risk of failure)
Confirm with . or Enter, or press ? or * to list all spells.
Aiming: Fire Storm (mildly dangerous; 1% risk of failure)
Press: ? - help, Dir - move target
Okay, then.
Unknown command.
The tormentor calls on the powers of darkness!
Your body is wracked with pain!
* * * LOW HITPOINT WARNING * * *
The cacodemon gestures at you. The bolt of energy hits you!!!
You die...

. #### ####### #.
#..###..##.#
#..##.....##..#
#..##...##..### #
#..##'##..##.# ..
#....)..#.#.##2..
####'####....'!..
#......##@...##
#......##.....#
#...○.○○○..4..#
.3°...○vv°○....##
v.#.3.○○○°○....'..
...#....vv○°2..##...
.. #...v○○☼○...# ...
####'.##.#.'# .. ..(
.....#


You could see a cacodemon, a hellwing, a tormentor and 3 friendly fire vortices.

Vanquished Creatures
  the Royal Jelly (Slime:5)
  11 dread liches
  The ghost of Ytolar the Conqueror, a legendary DsFi of Jiyva (Zot:4)
  8 orbs of fire
  9 ancient liches
  Mennas (Pan)
  A juggernaut (Depths:3)
  Josephina (Depths:4)
  Sojobo (Depths:2)
  Boris (twice) (Crypt:2 Crypt:3)
  4 Killer Klowns (Zot:5)
  4 caustic shrikes
  Bai Suzhen (Crypt:1)
  2 curse toes
  Saint Roka (Vaults:2)
  Nikola (Shoals:1)
  10 golden dragons
  The ghost of buhh the Black Belt, a veteran OpTm of Cheibriados (Zot:5)
  the Enchantress (Depths:4)
  A pandemonium lord (Pan)
  4 bone dragons
  4 electric golems
  A Brimstone Fiend (Pan)
  2 Tzitzimimeh (Pan)
  A hellephant (Depths:2)
  A Hell Sentinel (Pan)
  14 tentacled monstrosities
  2 Ice Fiends (Pan)
  12 liches
  2 deep elf blademasters (Elf:3)
  7 quicksilver dragons
  2 deep elf master archers (Elf:3)
  23 Orb Guardians (Zot:5)
  17 acid blobs
  A walking frostbound tome (Depths:4)
  16 tentacled starspawn
  7 sphinxes
  2 titans
  Gastronok (D:12)
  Polyphemus (Shoals:3)
  The ghost of Sobieck the Eclecticist, an adept DjCj of Makhleb (Elf:1)
  2 ancient champions (Crypt:3)
  4 Executioners
  Agnes (D:14)
  17 storm dragons
  9 death cobs
  A thorn hunter (Abyss:3)
  Kirke (Elf:1)
  11 tengu reavers
  9 shadow dragons
  The ghost of pigah the Stormcaller, an adept OpAE of Gozag (Elf:3)
  Donald (Shoals:3)
  20 draconian monks
  9 rockslimes
  6 azure jellies
  A daeva (Abyss:3)
  8 fire giants
  3 nagarajas (Snake:4)
  8 deep elf sorcerers
  9 draconian knights
  A revenant (Abyss:3)
  13 frost giants
  21 vault wardens
  3 orc warlords
  A curse skull (Crypt:3)
  4 draconian shifters
  A deep elf elementalist (Elf:3)
  9 ghost moths
  Louise (D:15)
  3 cacodemons
  An angel (Abyss:3)
  10 draconian scorchers
  8 ghouls
  6 demonspawn corrupters (Pan)
  A balrug (Abyss:2)
  9 draconian stormcallers
  11 draconian annihilators
  15 ironbound preservers
  4 spriggan defenders (Depths:4)
  3 reapers
  A war gargoyle (Vaults:2)
  3 demonspawn blood saints (Pan)
  7 quicksilver oozes
  A juggernaut skeleton (Crypt:3)
  14 ironbound thunderhulks
  19 stone giants
  7 very ugly things
  5 vampire knights
  A deep elf demonologist (Elf:3)
  14 black draconians
  21 green draconians
  5 dire elephants
  Azrael (Orc:2)
  16 white draconians
  2 entropy weavers
  A demonspawn black sun (Pan)
  11 red draconians
  16 yellow draconians
  3 lorocyprocas
  5 deep elf annihilators (Elf:3)
  2 spark wasps
  Snorg (D:10)
  6 blizzard demons
  15 purple draconians
  A crystal guardian (Vaults:2)
  14 ettins
  8 deep elf death magi
  5 eidola
  4 green deaths
  A mummy priest (Elf:3)
  4 fire dragons (Depths:1)
  13 merfolk impalers
  13 yaktaur captains
  4 merfolk javelineers (Shoals:4)
  3 deep elf high priests
  6 great orbs of eyes
  An elf zombie (Abyss:3)
  6 jiangshi
  4 peacekeepers (Vaults:2)
  12 hydras
  A spriggan zombie (Abyss:3)
  4 boulder beetles
  A fenstrider witch zombie (Abyss:3)
  8 rakshasas
  8 ice dragons
  Erolcha (D:10)
  6 merfolk avatars
  3 salamander tyrants (Snake:4)
  37 vault guards
  5 catoblepae
  A bennu zombie (Crypt:1)
  4 spriggan air magi (Depths:4)
  12 ironbound frosthearts
  3 satyrs
  11 two-headed ogres
  A hell beast (Pan)
  4 ogre magi
  12 anacondas
  15 centaur warriors
  5 merfolk aquamancers
  9 tengu warriors
  3 alligator snapping turtles
  8 deep troll shamans
  16 death yaks
  5 death knights
  11 naga warriors
  2 orc high priests (Elf:3)
  6 deep troll earth magi
  19 thrashing horrors
  An Orb Guardian skeleton (Crypt:1)
  5 vampire magi
  22 naga sharpshooters
  38 dancing weapons
  8 shock serpents
  12 hell hogs
  7 hell knights
  5 spriggan berserkers
  12 iron trolls
  25 deep elf knights
  A shadow wraith (Abyss:3)
  4 soul eaters
  8 salamander mystics
  10 sun demons
  16 wretched stars
  Nergalle (D:12)
  A spatial maelstrom (Abyss:3)
  12 sixfirhies
  5 glowing orange brains
  6 naga ritualists
  9 skeletal warriors
  A sea snake (shapeshifter) (D:14)
  10 lindwurms
  6 shadow demons
  51 deep trolls
  13 sea snakes
  11 deep elf archers
  4 bog bodies
  A swamp dragon (Abyss:3)
  9 flayed ghosts
  10 wizards
  3 obsidian statues
  A shadow dragon zombie (Crypt:1)
  14 ironbound convokers
  9 phantasmal warriors
  21 deep elf pyromancers
  15 harpies
  5 cyclopes
  10 mana vipers
  2 wolf spider zombies (D:15)
  11 necromancers
  30 deep elf zephyrmancers
  An oklob plant (Snake:4)
  12 orc knights
  43 ugly things
  2 orc sorcerers
  15 fauns
  An iron dragon skeleton (Abyss:2)
  3 shining eyes
  A manticore (shapeshifter) (Depths:4)
  19 manticores
  A will-o-the-wisp (Abyss:2)
  6 worldbinders
  A centaur zombie (D:15)
  17 elephants
  4 eyes of devastation
  25 moths of wrath
  10 merfolk sirens
  16 salamanders
  34 black mambas
  5 guardian serpents
  18 naga magi
  6 apocalypse crabs
  A gargoyle (D:10)
  A rust devil (Abyss:1)
  6 water nymphs
  2 titan simulacra
  A rime drake (shapeshifter) (Elf:1)
  47 large abominations
  A cane toad (shapeshifter) (D:12)
  13 smoke demons
  22 vault sentinels
  5 demonic crawlers
  A torpor snail (Lair:5)
  A storm dragon simulacrum (Depths:4)
  An unseen horror (D:13)
  A black draconian zombie (Crypt:2)
  14 cane toads
  6 orange demons
  3 rime drakes
  A yellow draconian zombie (Crypt:3)
  Psyche (D:12)
  5 kobold demonologists
  2 tormentors
  28 yaktaurs
  11 freezing wraiths
  5 hellwings
  5 hellions
  An ice devil (Gauntlet)
  4 efreet
  11 ancient zymes
  8 komodo dragons
  4 guardian mummies (Crypt:3)
  2 tengu conjurers (Depths:1)
  3 trolls (shapeshifter)
  28 merfolk
  A queen bee (Lair:4)
  A red devil (Pan)
  A golden dragon simulacrum (Depths:4)
  A purple draconian skeleton (Crypt:3)
  3 polar bears
  3 meliai
  4 wind drakes
  11 trolls
  A polar bear (shapeshifter) (Vaults:2)
  8 hornets
  A tarantella (shapeshifter) (D:13)
  138 slime creatures
  A sphinx simulacrum (Depths:4)
  A tarantella (Vaults:4)
  8 blink frogs
  29 raiju
  12 dream sheep
  An iron dragon simulacrum (Depths:4)
  6 snapping turtles
  9 flying skulls
  A meliai zombie (Crypt:2)
  9 spriggans
  A jumping spider (Vaults:4)
  4 centaur simulacra
  4 wyverns
  2 vampires
  2 shadows
  26 water elementals
  11 ynoxinuls
  A spriggan (shapeshifter) (Abyss:1)
  An air elemental (Elf:1)
  6 fire elementals
  30 starcursed masses
  14 wraiths
  59 yaks
  2 humans (shapeshifter)
  3 basilisks
  8 chaos spawn
  A yak (shapeshifter) (Elf:3)
  6 hogs (Elf:1)
  A redback (Vaults:4)
  6 golden eyes
  8 neqoxecs
  A black mamba skeleton (Crypt:1)
  A vampire mosquito (D:10)
  2 steam dragons
  2 wargs
  18 water moccasins
  An acid dragon (D:9)
  31 nagas
  A spatial vortex (Abyss:2)
  4 hell hounds
  An acid dragon (shapeshifter) (Vaults:5)
  A fire bat skeleton (Crypt:3)
  6 black bears
  A floating eye (Depths:1)
  A naga skeleton (Abyss:3)
  2 dream sheep zombies
  A merfolk skeleton (Crypt:2)
  2 sky beasts (D:7)
  42 orc warriors
  A black bear (shapeshifter) (Abyss:3)
  4 ice beasts
  3 boggarts
  11 wolves
  4 ogres
  18 centaurs
  3 phantoms
  34 small abominations
  4 kobold brigands
  Blork the orc (D:4)
  A draconian zombie (Crypt:2)
  5 bullfrogs
  A gnoll sergeant (D:8)
  4 necrophages
  4 earth elementals
  A scorpion (D:5)
  14 wights
  A hornet simulacrum (Gauntlet)
  39 killer bees
  2 electric eels
  A raiju skeleton (Crypt:1)
  6 howler monkeys
  A wolf zombie (Crypt:2)
  A crimson imp (D:12)
  8 jellies
  A hound (D:7)
  3 quasits
  A gnoll bouda (D:7)
  12 orc priests
  3 iron imps
  2 iguanas
  Jessica (D:2)
  2 black bear skeletons
  15 orc wizards
  4 hell rats (Lair:5)
  An ogre skeleton (Crypt:2)
  Robin (D:3)
  13 gnolls
  11 adders
  4 river rats (Lair:5)
  2 shadow imps (Abyss:3)
  6 white imps
  5 ufetubi
  A worm zombie (Crypt:1)
  A lava snake skeleton (Crypt:1)
  A worm (D:3)
  2 dart slugs (D:1)
  63 orcs
  A bat skeleton (Crypt:3)
  4 endoplasms
  8 giant cockroaches
  15 goblins
  7 hobgoblins
  3 jackals (D:1)
  20 kobolds
  A quokka (D:4)
  7 ball pythons
  6 bats
  2 frilled lizards (D:1)
  A gnoll skeleton (Crypt:3)
  A hobgoblin zombie (Crypt:3)
  13 rats
  A river rat skeleton (Crypt:1)
  3 bushes (D:14)
  3 fire vortices
  2 foxfires
  2 starspawn tentacles (Abyss:3)
2847 creatures vanquished.

Vanquished Creatures (collateral kills)
  A juggernaut (Depths:4)
  A bone dragon (Abyss:2)
  2 tentacled monstrosities
  2 Orb Guardians (Zot:5)
  A titan (Vaults:5)
  A quicksilver dragon (Vaults:5)
  4 acid blobs (Slime:5)
  A death cob (Zot:2)
  An ancient champion (Crypt:3)
  A sphinx (Depths:1)
  A shadow dragon (Zot:4)
  A draconian knight (Zot:3)
  A frost giant (Vaults:5)
  2 draconian scorchers
  A deep elf elementalist (Elf:3)
  A draconian stormcaller (Zot:2)
  A stone giant (Depths:1)
  2 very ugly things (Vaults:4)
  A starcursed mass (Abyss:2)
  A green draconian (Zot:4)
  A black draconian (Zot:4)
  A red draconian (Zot:3)
  A deep elf death mage (Elf:3)
  A yaktaur captain (Vaults:5)
  A great orb of eyes (Slime:5)
  A death knight (Crypt:1)
  3 naga sharpshooters (Snake:3)
  A vampire mage (Depths:1)
  A wretched star (Abyss:3)
  An iron troll (Depths:4)
  A deep troll (Vaults:4)
  A spark wasp zombie (Crypt:3)
  A deep elf zephyrmancer (Elf:3)
  An ugly thing (Vaults:4)
  A moth of wrath (Zot:1)
  A mana viper (Snake:3)
  A black mamba (Snake:2)
  4 slime creatures
  A harpy skeleton (Abyss:3)
  A raiju (Abyss:2)
  An air elemental (Elf:3)
  A golden eye (Slime:3)
  A warg (Vaults:5)
  2 nagas (Snake:3)
  A large abomination (Abyss:3)
  A sky beast (Abyss:3)
  A necrophage (Crypt:3)
  2 small abominations
  An orc wizard (Vaults:5)
  An adder (D:3)
  A white imp (Abyss:3)
  A worm (D:2)
  An orc (Vaults:5)
  2 goblins
  A dart slug zombie (Crypt:1)
  A frilled lizard skeleton (Crypt:2)
  2 orc zombies
  13 foxfires
86 creatures vanquished.

Vanquished Creatures (others)
  A sun demon (Pan)
  An air elemental (Elf:1)
  3 orcs (Orc:2)
  A block of ice (Pan)
  3 bushes
  8 demonic plants
  948 fire vortices
  972 foxfires
  122 fungi
  3 lurking horrors
  184 plants
  10 starspawn tentacles
  4 withered plants (Gauntlet)
2260 creatures vanquished.

Grand Total: 5193 creatures vanquished

Notes
Turn   | Place    | Note
-------+----------+-------------------------------------------
     0 | D:1      | pokeman the Deep Elf Hedge Wizard began the quest for the
                  | Orb.
     0 | D:1      | Reached XP level 1. HP: 10/10 MP: 7/7
   109 | D:1      | Reached XP level 2. HP: 16/16 MP: 1/9
   731 | D:1      | Reached skill level 5 in Spellcasting
   758 | D:1      | Reached XP level 3. HP: 4/20 MP: 0/11
   762 | D:1      | Learned a level 3 spell: Mephitic Cloud
   770 | D:1      | Learned a level 2 spell: Call Imp
   773 | D:1      | Learned a level 2 spell: Blink
   777 | D:1      | Learned a level 3 spell: Conjure Flame
  1606 | D:2      | Noticed Jessica
  1628 | D:2      | Reached skill level 1 in Fighting
  1628 | D:2      | Reached skill level 1 in Armour
  1646 | D:2      | Killed Jessica
  1647 | D:2      | Reached XP level 4. HP: 2/25 MP: 0/13
  2179 | D:2      | Found a faded altar of an unknown god.
  2350 | D:2      | Identified the +7 trident "Fethrij" {vorpal, Int+5}
  2938 | D:3      | Identified the +4 helmet "Damnable Contraption" {Drain Fly
                  | rF+++ Str+3}
  2938 | D:3      | Noticed Robin
  2950 | D:3      | Killed Robin
  2969 | D:3      | Reached XP level 5. HP: 14/29 MP: 3/15
  3364 | D:3      | Found a white marble altar of Elyvilon.
  3367 | D:3      | Found a hide-covered altar of Uskayaw.
  3368 | D:3      | Found a shimmering blue altar of Sif Muna.
  3373 | D:3      | Found a glowing golden altar of the Shining One.
  4040 | D:4      | Learned a level 3 spell: Swiftness
  4220 | D:4      | Noticed a phantom
  4227 | D:4      | Killed a phantom
  4228 | D:4      | Reached skill level 1 in Fire Magic
  4228 | D:4      | Reached skill level 1 in Air Magic
  4404 | D:4      | Identified the +0 pair of boots of Xyunegh {Drain SInv
                  | Stlth+}
  4421 | D:4      | Noticed Blork the orc
  4430 | D:4      | Killed Blork the orc
  4431 | D:4      | Reached XP level 6. HP: 34/34 MP: 14/17
  4475 | D:4      | Found Viatt's General Store.
  4480 | D:4      | Bought a potion of curing for 33 gold pieces
  4796 | D:4      | Reached skill level 1 in Poison Magic
  4853 | D:5      | Entered Level 5 of the Dungeon
  4947 | D:5      | Found Cemagoxi's Magic Scroll Boutique.
  4955 | D:5      | Bought a scroll of teleportation for 36 gold pieces
  4955 | D:5      | Bought a scroll of identify for 24 gold pieces
  4955 | D:5      | Bought a scroll of identify for 24 gold pieces
  4955 | D:5      | Bought a scroll of identify for 24 gold pieces
  4955 | D:5      | Bought a scroll of teleportation for 36 gold pieces
  4982 | D:5      | Found Pumupai's Distillery.
  5237 | D:5      | Found Eheorha's Armour Emporium.
  5377 | D:5      | Found Lasushrys's General Store.
  5377 | D:5      | Found Cakuc's Armour Emporium.
  5424 | D:5      | Reached XP level 7. HP: 33/39 MP: 12/20
  6256 | D:5      | Bought a potion of heal wounds for 70 gold pieces
  6299 | D:6      | Reached skill level 1 in Evocations
  6555 | D:6      | Learned a level 2 spell: Wereblood
  6625 | D:6      | Reached XP level 8. HP: 44/44 MP: 14/22
  6724 | D:6      | Reached skill level 1 in Transmutations
  6916 | D:6      | Reached skill level 5 in Conjurations
  7008 | D:6      | Found a staircase to the Ecumenical Temple.
  7019 | Temple   | Entered the Ecumenical Temple
  7058 | Temple   | Became a worshipper of Vehumet
  7468 | D:7      | Reached skill level 10 in Spellcasting
  7740 | D:7      | Reached XP level 9. HP: 48/48 MP: 22/25
  7772 | D:7      | Reached skill level 5 in Fire Magic
  8257 | D:8      | Reached * piety under Vehumet
  8257 | D:8      | Offered knowledge of Foxfire by Vehumet.
  8277 | D:8      | Learned a level 1 spell: Foxfire
  8550 | D:8      | Reached skill level 1 in Earth Magic
  9351 | D:9      | Reached XP level 10. HP: 56/56 MP: 20/28
  9692 | D:9      | Reached ** piety under Vehumet
  9692 | D:9      | Offered knowledge of Shock by Vehumet.
  9781 | D:9      | Found a burning altar of Makhleb.
 10327 | D:9      | Noticed a two-headed ogre
 10347 | D:9      | Killed a two-headed ogre
 10544 | D:10     | Entered Level 10 of the Dungeon
 10544 | D:10     | Noticed a two-headed ogre
 10602 | D:10     | Noticed a centaur warrior
 10609 | D:10     | Noticed a gargoyle
 10683 | D:10     | Reached XP level 11. HP: 61/61 MP: 31/31
 10692 | D:10     | Killed a centaur warrior
 10878 | D:10     | Noticed a two-headed ogre
 10904 | D:9      | Killed a two-headed ogre
 10905 | D:9      | Reached skill level 15 in Spellcasting
 10985 | D:10     | Noticed an ogre mage
 10986 | D:10     | Noticed a skeletal warrior
 11043 | D:10     | Killed a two-headed ogre
 11044 | D:10     | Reached skill level 5 in Armour
 11524 | D:10     | Offered knowledge of Searing Ray by Vehumet.
 11810 | D:10     | Reached *** piety under Vehumet
 11835 | D:10     | Noticed Erolcha
 11858 | D:10     | Killed Erolcha
 11934 | D:10     | Killed an ogre mage
 12088 | D:10     | Killed a skeletal warrior
 12203 | D:10     | Noticed a two-headed ogre
 12216 | D:10     | Killed a two-headed ogre
 12216 | D:10     | Offered knowledge of Dazzling Flash by Vehumet.
 12217 | D:10     | Reached XP level 12. HP: 66/66 MP: 27/34
 12336 | D:10     | Noticed Snorg
 12365 | D:10     | Killed Snorg
 12579 | D:10     | Found a stormy altar of Qazlal.
 12734 | D:10     | Identified the +5 robe "Poocetobump" {rElec}
 12857 | D:11     | Reached skill level 10 in Conjurations
 13474 | D:11     | Found a staircase to the Lair.
 13782 | D:12     | Reached **** piety under Vehumet
 13860 | D:12     | Noticed a boulder beetle
 13897 | D:12     | Noticed Gastronok
 13914 | D:12     | Killed Gastronok
 13915 | D:12     | Reached skill level 10 in Fire Magic
 13989 | D:12     | Noticed a four-headed hydra
 14004 | D:12     | Killed a four-headed hydra
 14253 | D:12     | Killed a boulder beetle
 14254 | D:12     | Reached skill level 5 in Fighting
 14263 | D:12     | Noticed Psyche
 14286 | D:12     | Killed Psyche
 14585 | D:12     | Offered knowledge of Irradiate by Vehumet.
 14901 | D:12     | Noticed Nergalle
 14917 | D:12     | Killed Nergalle
 15048 | D:12     | Found a staircase to the Orcish Mines.
 15635 | D:13     | Found a gate leading to a gauntlet.
 15637 | D:13     | Noticed a tengu warrior
 15642 | Gauntlet | Entered a Gauntlet
 15642 | Gauntlet | Found a transporter.
 15642 | Gauntlet | Found a transporter.
 15662 | Gauntlet | Found a transporter.
 15665 | Gauntlet | Found a transporter.
 15671 | Gauntlet | Found a runed translucent gate.
 15673 | Gauntlet | Found a runed translucent gate.
 15673 | Gauntlet | Found a transporter.
 15674 | Gauntlet | Found a runed translucent gate.
 15676 | Gauntlet | Found a transporter.
 15684 | Gauntlet | Found a transporter.
 15700 | Gauntlet | Found the +7 great mace "Undeadhunter" {disrupt, rN+}
 15704 | Gauntlet | Found a transporter.
 15711 | Gauntlet | Found a transporter.
 15714 | Gauntlet | Found a transporter.
 15724 | Gauntlet | Found a transporter.
 15774 | Gauntlet | Found a transporter.
 16005 | Gauntlet | Reached XP level 13. HP: 73/73 MP: 37/37
 16071 | Gauntlet | Found the +3 crown of Dyrovepreva {rElec Int+2 SInv}
 16071 | Gauntlet | Identified the +7 demon trident of Wicked Integrity {vamp,
                  | rN+ Str+2 Stlth+}
 16071 | Gauntlet | Noticed a minotaur
 16097 | Gauntlet | HP: 2/73 [minotaur/arrow (2)]
 16111 | Gauntlet | Got the Parchment of Peregrination
 16113 | Gauntlet | Identified the +8 flail of Insomnia {vamp, *Rage rN++
                  | Int+5}
 16957 | D:13     | You are sucked into a shaft and drop 2 floors!
 16957 | D:15     | Entered Level 15 of the Dungeon
 17032 | D:14     | Identified the +6 scale mail of Good Intentions {rCorr}
 17114 | D:14     | Found a portal to a secret trove of treasure.
 17551 | Lair:1   | Entered Level 1 of the Lair of Beasts
 18067 | Lair:1   | Reached ***** piety under Vehumet
 19030 | Lair:1   | Offered knowledge of Fireball by Vehumet.
 19037 | Lair:1   | Learned a level 5 spell: Fireball
 19680 | Lair:2   | Noticed a dire elephant
 19687 | Lair:2   | Killed a dire elephant
 19920 | Lair:2   | Identified the +1 leather armour of Honour {Contam +Inv
                  | rF+++ Int+4}
 19986 | Lair:2   | Reached XP level 14. HP: 80/80 MP: 31/40
 20755 | Lair:3   | Found a staircase to the Shoals.
 21002 | Lair:3   | Found a staircase to the Snake Pit.
 22635 | Lair:4   | Offered knowledge of Iron Shot by Vehumet.
 23578 | Lair:5   | Entered Level 5 of the Lair of Beasts
 25555 | Lair:5   | Found a staircase to the Slime Pits.
 25557 | Lair:5   | Found a viscous altar of Jiyva.
 25717 | Lair:5   | Reached XP level 15. HP: 86/86 MP: 28/42
 26463 | Orc:1    | Entered Level 1 of the Orcish Mines
 26463 | Orc:1    | Found an ornate altar of the Wu Jian Council.
 26463 | Orc:1    | Found Buxzee Lizur's Weapon Shoppe.
 26463 | Orc:1    | Found a transporter.
 26465 | Orc:1    | Found a transporter.
 26478 | Orc:1    | Reached skill level 1 in Necromancy
 26632 | Orc:1    | Found a transporter.
 26633 | Orc:1    | Found an ornate altar of the Wu Jian Council.
 26633 | Orc:1    | Noticed an orc warlord
 26652 | Orc:1    | Found a transporter.
 26660 | Orc:1    | Learned a level 6 spell: Iron Shot
 27239 | Orc:1    | Killed an orc warlord
 27442 | Orc:2    | Entered Level 2 of the Orcish Mines
 27447 | Orc:2    | Noticed Azrael
 27909 | Orc:2    | Offered knowledge of Ozocubu's Refrigeration by Vehumet.
 28129 | D:13     | Found a gate to the Vaults.
 28140 | D:13     | Found a glowing golden altar of the Shining One.
 29783 | D:15     | Noticed Louise
 29832 | D:15     | Noticed Agnes
 30032 | Shoals:1 | Entered Level 1 of the Shoals
 30032 | Shoals:1 | Found Patam's Book Boutique.
 30542 | Shoals:1 | Found Sipnai's Antique Weapon Shoppe.
 31214 | Shoals:1 | Found Kasim's Antique Armour Emporium.
 31253 | Shoals:1 | Found Resiug Hiji's Magic Scroll Shoppe.
 31253 | Shoals:1 | Identified the +1 pair of gloves of Noughts and Crosses
                  | {+Blink}
 31253 | Shoals:1 | Noticed Nikola
 31259 | Shoals:1 | Killed Nikola
 31382 | Shoals:1 | Bought a scroll of identify for 34 gold pieces
 31382 | Shoals:1 | Bought a scroll of identify for 34 gold pieces
 31382 | Shoals:1 | Bought a scroll of identify for 34 gold pieces
 31553 | Shoals:2 | Reached XP level 16. HP: 92/92 MP: 42/45
 32420 | Shoals:2 | Reached ****** piety under Vehumet
 33139 | Shoals:2 | Found a runed translucent door.
 33283 | Shoals:2 | Offered knowledge of Spellforged Servitor by Vehumet.
 33471 | Shoals:3 | Noticed Donald
 33474 | Shoals:3 | Killed Donald
 33511 | Shoals:3 | Identified the +3 leather armour "Juamoeg" {rC+ Dex+4}
 34419 | Shoals:3 | Reached skill level 15 in Conjurations
 34422 | Shoals:3 | Reached skill level 1 in Shields
 34589 | Shoals:3 | Noticed Polyphemus
 34596 | Shoals:3 | Killed Polyphemus
 35061 | Shoals:4 | Entered Level 4 of the Shoals
 35521 | Shoals:4 | Found Esucwats's Distillery.
 35553 | Shoals:4 | Bought a potion of curing for 48 gold pieces
 35553 | Shoals:4 | Bought a potion of heal wounds for 80 gold pieces
 35581 | Shoals:4 | Reached skill level 15 in Fire Magic
 36166 | Shoals:4 | Offered knowledge of Orb of Destruction by Vehumet.
 36192 | Shoals:4 | Reached XP level 17. HP: 57/98 MP: 13/47
 36353 | Shoals:4 | Learned a level 7 spell: Orb of Destruction
 36911 | Shoals:4 | Got a barnacled rune of Zot
 37239 | Shoals:4 | Got the Volume of the Stormy Traveller
 37734 | D:14     | Killed Agnes
 37824 | D:15     | Offered knowledge of Iskenderun's Battlesphere by Vehumet.
 37839 | D:15     | Killed Louise
 38503 | D:15     | Found a staircase to the Depths.
 38851 | Orc:2    | Killed Azrael
 39166 | Orc:2    | Found a shimmering altar of Xom.
 39423 | Orc:2    | Found Fofieq's Book Shop.
 39423 | Orc:2    | Found Rugadir's Antique Armour Shoppe.
 39423 | Orc:2    | Found Gacynn's Distillery.
 39426 | Orc:2    | Found Mirhaunu's Assorted Antiques.
 39639 | Orc:2    | Found a staircase to the Elven Halls.
 39712 | Orc:2    | Bought a pair of shimmering boots for 380 gold pieces
 39712 | Orc:2    | Identified the +2 pair of boots "Nydot" {rF+ rCorr Int+3}
                  | (You bought it in a shop on level 2 of the Orcish Mines)
 39853 | Depths:1 | Entered Level 1 of the Depths
 39944 | Vaults:1 | Entered Level 1 of the Vaults
 40280 | Vaults:1 | Offered knowledge of Starburst by Vehumet.
 40398 | Vaults:1 | Reached skill level 5 in Shields
 41551 | Vaults:1 | Reached XP level 18. HP: 48/104 MP: 42/50
 43686 | Vaults:2 | Reached skill level 27 in Spellcasting
 44260 | Vaults:2 | Noticed Saint Roka
 44577 | Vaults:2 | Killed Saint Roka
 45740 | Vaults:3 | Offered knowledge of Fire Storm by Vehumet.
 45740 | Vaults:3 | Offered knowledge of Chain Lightning by Vehumet.
 45740 | Vaults:3 | Offered knowledge of Polar Vortex by Vehumet.
 45755 | Vaults:2 | Learned a level 9 spell: Fire Storm
 46083 | Vaults:3 | Reached skill level 5 in Necromancy
 46192 | Vaults:3 | Reached XP level 19. HP: 76/110 MP: 43/52
 46417 | Vaults:3 | Found Kiehoh's Distillery.
 46425 | Vaults:3 | Identified the +8 spear of Rixt {elec, rElec rF+++ Dex-2
                  | SInv}
 46990 | Vaults:3 | Found a staircase to the Crypt.
 46990 | Vaults:3 | Found an ancient bone altar of Kikubaaqudgha.
 46991 | Vaults:3 | Found a basalt altar of Yredelemnul.
 47128 | Vaults:3 | Identified the +11 flail "Lewal" {flame, +Blink Will+}
 48428 | Vaults:4 | Noticed a dread lich
 48431 | Vaults:4 | Killed a dread lich
 48688 | Vaults:4 | Found the +7 sceptre of Torment {pain, torment}
 49756 | Elf:1    | Entered Level 1 of the Elven Halls
 50135 | Elf:1    | Reached XP level 20. HP: 116/116 MP: 48/53
 50139 | Elf:1    | Reached skill level 10 in Armour
 50418 | Elf:1    | Noticed Kirke
 50419 | Elf:1    | Killed Kirke
 50589 | Elf:1    | Paralysed by an air elemental for 1 turns
 51143 | Elf:1    | Identified the +2 leather armour of Going Fast {rN+}
 51467 | Elf:1    | Found a runed translucent gate.
 51467 | Elf:1    | Found a runed translucent gate.
 51467 | Elf:1    | Found an opulent altar of Gozag.
 51467 | Elf:1    | Noticed Sobieck's ghost (adept DjCj)
 51468 | Elf:1    | Found a runed translucent gate.
 51502 | Elf:1    | Found Ifichucs's Assorted Antiques.
 51635 | Elf:2    | Found Olameguo's Armour Emporium.
 52157 | Elf:2    | Found a runed translucent gate.
 52157 | Elf:2    | Found a runed translucent gate.
 52157 | Elf:2    | Found a runed translucent gate.
 52684 | Elf:2    | Reached skill level 10 in Necromancy
 53030 | Elf:3    | Entered Level 3 of the Elven Halls
 53347 | Elf:3    | Found Miegoavu's General Store.
 53349 | Elf:3    | Noticed pigah's ghost (adept OpAE)
 53415 | Elf:3    | Found a transporter.
 53422 | Elf:3    | Found a transporter.
 53453 | Elf:3    | Found a shimmering blue altar of Sif Muna.
 54109 | Elf:3    | Reached skill level 10 in Fighting
 54207 | Elf:3    | Got Mutufibe's Omnibus of Blistering Gloom
 54865 | Elf:3    | Identified the ring of the Good {Fly rF- rC+ Str+7 Dex-5}
 55056 | Elf:3    | Identified the +1 great mace "Igemuad" {protect, rPois
                  | Str-2 Dex+2}
 55367 | Elf:3    | Identified the +5 shortbow of Votuhe {venom, rC+}
 56206 | Snake:1  | Entered Level 1 of the Snake Pit
 56208 | Snake:1  | Reached XP level 21. HP: 122/122 MP: 47/54
 58264 | Snake:3  | Found Newkeaho's Antique Armour Shop.
 58270 | Snake:3  | Reached skill level 5 in Summonings
 59442 | Snake:3  | Found Tytinen's Assorted Antiques.
 59454 | Snake:3  | Found Xoth's Distillery.
 59463 | Snake:3  | Found Baemuw's Weapon Emporium.
 59486 | Snake:3  | Found Queluq's Weapon Emporium.
 59923 | Snake:4  | Entered Level 4 of the Snake Pit
 60188 | Snake:4  | Found a radiant altar of Vehumet.
 60505 | Snake:4  | Got a serpentine rune of Zot
 60759 | Snake:4  | Found Umats's Armour Boutique.
 61362 | Slime:1  | Entered Level 1 of the Pits of Slime
 62670 | Slime:2  | You are sucked into a shaft and drop 1 floor!
 62909 | Slime:2  | Reached XP level 22. HP: 91/130 MP: 45/55
 64650 | Slime:3  | Reached skill level 10 in Summonings
 65109 | Slime:4  | Gained mutation: You are dopey. (Int -2) [a shining eye]
 65376 | Slime:5  | Entered Level 5 of the Pits of Slime
 65389 | Slime:5  | Noticed the Royal Jelly
 65567 | Slime:5  | Killed the Royal Jelly
 65852 | Slime:5  | Identified a scroll of acquirement
 65853 | Slime:5  | Found the +12 glaive of Prune {vorpal}
 65899 | Slime:5  | Identified the +4 rapier of Ceesakal {venom, rC- Int+3
                  | Stlth+}
 65930 | Slime:5  | Got a slimy rune of Zot
 65933 | Slime:5  | Identified the +6 scale mail of the Other Side {rPois
                  | Str+6}
 65967 | Slime:5  | Got Xumimnen's Secrets of Earthen Toxicity
 65976 | Slime:5  | Identified the +10 flail "Killer Bee's Regret" {pain,
                  | Int+2}
 66639 | Temple   | Acquired the ring of Xom's Approval {Will+ Int+6 Slay-3
                  | Stlth+}
 66656 | Temple   | Lost mutation: You are dopey. (Int -2) [potion of mutation]
 66656 | Temple   | Gained mutation: You are robust. (+10% HP) [potion of
                  | mutation]
 66656 | Temple   | Gained mutation: You are agile. (Dex +4, Str/Int -1)
                  | [potion of mutation]
 66656 | Temple   | Gained mutation: Your flesh is cold resistant. (rC+)
                  | [potion of mutation]
 66656 | Temple   | Gained mutation: A frigid envelope surrounds you and
                  | freezes all who hurt you. [potion of mutation]
 66962 | Vaults:5 | Entered Level 5 of the Vaults
 67116 | Vaults:5 | Noticed a golden dragon
 67853 | Vaults:5 | Killed a golden dragon
 67859 | Vaults:5 | Noticed a golden dragon
 67864 | Vaults:5 | Noticed an ancient lich
 67866 | Vaults:5 | Killed an ancient lich
 67875 | Vaults:5 | Killed a golden dragon
 67881 | Vaults:5 | Noticed a golden dragon
 67882 | Vaults:5 | Killed a golden dragon
 67911 | Vaults:5 | Noticed a dread lich
 67915 | Vaults:5 | Killed a dread lich
 67957 | Vaults:5 | Reached XP level 23. HP: 73/149 MP: 30/56
 68036 | Vaults:5 | Identified the +3 battleaxe of Disorder {vorpal, +Blink rF+
                  | Str+4}
 68036 | Vaults:5 | Identified the ring "Ennezy" {MP+9 Str+2}
 69085 | Vaults:5 | Identified the +6 dagger of Heniggawk {venom, rF+ Will+
                  | rCorr Int-4}
 69087 | Vaults:5 | Got the Quarto of Battle Magic
 69283 | Vaults:5 | Identified the +1 pair of gloves of Discretion {Fly}
 69397 | Vaults:5 | Got the Volume of Companions
 69493 | Vaults:5 | Got a silver rune of Zot
 69542 | Vaults:5 | Reached skill level 1 in Ice Magic
 69592 | Vaults:5 | Found Mosaxtusu's Distillery.
 69597 | Vaults:5 | Bought a potion of curing for 51 gold pieces
 69597 | Vaults:5 | Bought a potion of heal wounds for 85 gold pieces
 69965 | Vaults:5 | Noticed a dread lich
 69968 | Vaults:5 | Killed a dread lich
 71602 | D:14     | You paid a toll of +5 ice dragon scales to enter a treasure
                  | trove
 71603 | Trove    | Entered a treasure trove
 71612 | Trove    | Identified the ring "Ruetod" {Will+ AC+4 Str+7}
 71618 | Trove    | Identified the ring of Wu Jian, Hurtling {Ice rN+ rCorr
                  | Int-2}
 72420 | Depths:1 | Found Ruidawn's Jewellery Boutique.
 72420 | Depths:1 | Found Itayros's Book Shoppe.
 72421 | Depths:1 | Found Jiys's Book Shoppe.
 72781 | Depths:1 | Found a gateway to Hell.
 73452 | Depths:2 | Acquired 1039 gold pieces
 73473 | Depths:2 | Noticed a caustic shrike
 73475 | Depths:2 | Killed a caustic shrike
 73516 | Depths:1 | Bought a book of Death for 704 gold pieces
 73525 | Depths:1 | Learned a level 7 spell: Haunt
 73846 | Depths:2 | Reached skill level 15 in Summonings
 73939 | Depths:2 | Found a one-way gate leading to the halls of Pandemonium.
 73963 | Depths:2 | Noticed Sojobo
 73967 | Depths:2 | Killed Sojobo
 74297 | Depths:3 | Reached XP level 24. HP: 156/156 MP: 19/56
 74882 | Depths:3 | Found a one-way gate to the infinite horrors of the Abyss.
 75179 | Depths:3 | Found a basalt altar of Yredelemnul.
 75185 | Depths:3 | Noticed a juggernaut
 75187 | Depths:3 | Killed a juggernaut
 75751 | Depths:4 | Entered Level 4 of the Depths
 75772 | Depths:4 | Identified the ring of the Evening {Ice Int+8}
 75772 | Depths:4 | Noticed Josephina
 75774 | Depths:4 | Killed Josephina
 75971 | Depths:4 | Noticed a juggernaut
 75973 | Depths:4 | Killed a juggernaut
 76677 | Depths:4 | Found a one-way gateway to a ziggurat.
 76744 | Depths:4 | Noticed the Enchantress
 76746 | Depths:4 | Killed the Enchantress
 77216 | Depths:4 | Found a gate to the Realm of Zot.
 77269 | Depths:4 | Identified the +0 scale mail "Posipymm" {rF++ rCorr Dex-2
                  | SInv}
 78194 | Elf:1    | Killed Sobieck's ghost
 78572 | Elf:3    | Killed pigah's ghost
 79135 | Crypt:1  | Entered Level 1 of the Crypt
 79283 | Crypt:1  | Noticed Bai Suzhen
 79286 | Crypt:1  | Killed Bai Suzhen
 79846 | Crypt:2  | Reached skill level 27 in Conjurations
 79846 | Crypt:2  | Reached XP level 25. HP: 161/161 MP: 41/56
 80043 | Crypt:2  | Noticed Boris
 80045 | Crypt:2  | Killed Boris
 80130 | Crypt:2  | Identified the +0 helmet "Estriox" {Will+ Regen+ rCorr}
 80490 | Crypt:3  | Entered Level 3 of the Crypt
 80491 | Crypt:3  | Upgraded the game from 0.29-a0-973-gac7da5f7f0 to
                  | 0.29-a0-982-gaed3a0c8d8
 80548 | Crypt:3  | Noticed Boris
 80550 | Crypt:3  | Killed Boris
 80662 | Crypt:3  | Found a staircase to the Tomb.
 81196 | Crypt:3  | Identified the amulet of Desamuit {rF- Will+ Regen+ rCorr}
 81267 | Crypt:3  | Found the +10 morningstar "Eos" {elec, Halo rElec}
 81273 | Crypt:3  | Identified the ring of Jealousy {rN+ Str+2}
 81540 | Crypt:3  | Noticed an ancient lich
 81540 | Crypt:3  | Noticed a dread lich
 81543 | Crypt:3  | Killed an ancient lich
 81543 | Crypt:3  | Killed a dread lich
 81676 | Crypt:3  | Identified the ring "Opsiuh" {rC- rN+ Int+7 Stlth+}
 81679 | Crypt:3  | Identified the ring of Jatt {rElec rF+ rC+ Str+4}
 82509 | Zot:1    | Entered Level 1 of the Realm of Zot
 82511 | Zot:1    | Found a transporter.
 82527 | Zot:1    | Noticed an orb of fire
 82532 | Zot:1    | Killed an orb of fire
 82714 | Zot:1    | Found a transporter.
 82742 | Zot:1    | You are sucked into a shaft and drop 1 floor!
 82907 | Zot:2    | Learned a level 5 spell: Freezing Cloud
 83081 | Zot:1    | Found a transporter.
 83096 | Zot:1    | Found a transporter.
 83666 | Zot:1    | Found a transporter.
 83679 | Zot:1    | Found a transporter.
 84174 | Zot:2    | Noticed an orb of fire
 84178 | Zot:2    | Killed an orb of fire
 85159 | Zot:3    | Reached XP level 26. HP: 171/171 MP: 46/56
 85341 | Zot:3    | Noticed an orb of fire
 85344 | Zot:3    | Gained mutation: Your spells are a little harder to cast,
                  | but a little more powerful. [an orb of fire]
 85347 | Zot:3    | Killed an orb of fire
 86211 | Zot:3    | Found a glowing golden altar of the Shining One.
 86233 | Zot:3    | Got the Secrets of Fire and Brimstone
 86842 | Zot:4    | Identified the +1 pair of boots of Maceuj {Rampage Will+}
 87235 | Zot:4    | Found a bloodstained altar of Trog.
 87236 | Zot:4    | Found a transporter.
 87236 | Zot:4    | Identified the +2 cloak of Opomedd {rF+}
 87237 | Zot:4    | Identified the +0 cloak of Barnacled Joy {rF+}
 87237 | Zot:4    | Noticed Ytolar's ghost (legendary DsFi)
 87254 | Zot:4    | Found a transporter.
 87618 | Zot:4    | Noticed an ancient lich
 87621 | Zot:4    | Killed an ancient lich
 87623 | Zot:4    | Reached skill level 15 in Armour
 87974 | Zot:4    | Killed Ytolar's ghost
 88088 | Zot:5    | Entered Level 5 of the Realm of Zot
 88255 | Zot:5    | Found a runed translucent gate.
 88255 | Zot:5    | Found a runed translucent gate.
 88255 | Zot:5    | Found an ancient bone altar of Kikubaaqudgha.
 88255 | Zot:5    | Noticed an ancient lich
 88255 | Zot:5    | Noticed an ancient lich
 88256 | Zot:5    | Found a runed translucent gate.
 88256 | Zot:5    | Noticed a dread lich
 88256 | Zot:5    | Noticed an ancient lich
 88256 | Zot:5    | Noticed buhh's ghost (veteran OpTm)
 88284 | Zot:5    | Reached XP level 27. HP: 180/180 MP: 31/56
 88536 | Zot:5    | Noticed an orb of fire
 88538 | Zot:5    | Noticed an orb of fire
 88540 | Zot:5    | Killed an orb of fire
 88541 | Zot:5    | Killed a dread lich
 88542 | Zot:5    | Killed an orb of fire
 88542 | Zot:5    | Killed an orb of fire
 88542 | Zot:5    | Killed an ancient lich
 88551 | Zot:5    | Noticed a dread lich
 88553 | Zot:5    | Killed a dread lich
 88553 | Zot:5    | Noticed an orb of fire
 88555 | Zot:5    | Killed an orb of fire
 88555 | Zot:5    | Killed an orb of fire
 88558 | Zot:5    | Noticed a dread lich
 88559 | Zot:5    | Killed a dread lich
 88566 | Zot:5    | Noticed an ancient lich
 88568 | Zot:5    | Killed an ancient lich
 88711 | Zot:5    | Reached skill level 27 in Fire Magic
 88722 | Zot:5    | Noticed a dread lich
 88724 | Zot:5    | Killed a dread lich
 88725 | Zot:5    | Reached skill level 15 in Fighting
 89025 | Zot:5    | Noticed a dread lich
 89027 | Zot:5    | Killed a dread lich
 89981 | Zot:5    | Killed a dread lich
 89981 | Zot:5    | Killed an ancient lich
 89981 | Zot:5    | Killed an ancient lich
 89981 | Zot:5    | Killed an ancient lich
 89983 | Zot:5    | Killed buhh's ghost
 90017 | Zot:5    | Identified the amulet "Kucw" {Faith *Slow Int+2 Dex+4}
 90027 | Zot:5    | Identified the +0 helmet of Wonder {rElec rC- Str+5}
 90743 | Depths:3 | Voluntarily entered the Abyss.
 90820 | Abyss:1  | Gained mutation: You expend magic power (3 MP) to
                  | strengthen your wands. [a neqoxec]
 90841 | Abyss:1  | Found a corrupted altar of Lugonu.
 90847 | Abyss:1  | Found a corrupted altar of Lugonu.
 90847 | Abyss:1  | Found a corrupted altar of Lugonu.
 91501 | Abyss:2  | Found an opulent altar of Gozag.
 92184 | Abyss:2  | Noticed a dread lich
 92189 | Abyss:2  | Killed a dread lich
 92205 | Abyss:2  | Gained mutation: You do not regenerate when monsters are
                  | visible. [a neqoxec]
 92247 | Abyss:2  | Lost mutation: Your spells are a little harder to cast, but
                  | a little more powerful. [potion of mutation]
 92247 | Abyss:2  | Lost mutation: You are robust. (+10% HP) [potion of
                  | mutation]
 92247 | Abyss:2  | Gained mutation: You occasionally lose the ability to drink
                  | potions when taking damage. [potion of mutation]
 92247 | Abyss:2  | Gained mutation: You have hidden genetic potential. [potion
                  | of mutation]
 92248 | Abyss:2  | Lost mutation: You do not regenerate when monsters are
                  | visible. [potion of mutation]
 92248 | Abyss:2  | Lost mutation: A frigid envelope surrounds you and freezes
                  | all who hurt you. [potion of mutation]
 92248 | Abyss:2  | Gained mutation: You have an increased reservoir of magic.
                  | (+10% MP) [potion of mutation]
 92248 | Abyss:2  | Gained mutation: You are dopey. (Int -2) [potion of
                  | mutation]
 92248 | Abyss:2  | Lost mutation: You have hidden genetic potential. [potion
                  | of mutation]
 92249 | Abyss:2  | Lost mutation: You have an increased reservoir of magic.
                  | (+10% MP) [potion of mutation]
 92249 | Abyss:2  | Lost mutation: You are agile. (Dex +4, Str/Int -1) [potion
                  | of mutation]
 92249 | Abyss:2  | Lost mutation: You expend magic power (3 MP) to strengthen
                  | your wands. [potion of mutation]
 92249 | Abyss:2  | Gained mutation: You have an increased reservoir of magic.
                  | (+10% MP) [potion of mutation]
 92249 | Abyss:2  | Gained mutation: You occasionally lose the ability to read
                  | scrolls when taking damage. [potion of mutation]
 92250 | Abyss:2  | Lost mutation: Your flesh is cold resistant. (rC+) [potion
                  | of mutation]
 92250 | Abyss:2  | Lost mutation: You occasionally lose the ability to read
                  | scrolls when taking damage. [potion of mutation]
 92250 | Abyss:2  | Lost mutation: You occasionally lose the ability to drink
                  | potions when taking damage. [potion of mutation]
 92250 | Abyss:2  | Lost mutation: You are dopey. (Int -2) [potion of mutation]
 92250 | Abyss:2  | Gained mutation: Your muscles are strong. (Str +4, Int/Dex
                  | -1) [potion of mutation]
 92280 | Abyss:3  | Found a corrupted altar of Lugonu.
 92387 | Abyss:3  | Noticed an ancient lich
 92389 | Abyss:3  | Killed an ancient lich
 93216 | Abyss:3  | Got an abyssal rune of Zot
 94149 | Depths:3 | Escaped the Abyss
 94653 | Pan      | Entered Pandemonium
 94674 | Pan      | Noticed Mennas
 94676 | Pan      | Killed Mennas
 95547 | Pan      | Reached skill level 15 in Necromancy
 95754 | Pan      | Noticed Ren Nano the pandemonium lord
 95755 | Pan      | Killed Ren Nano the pandemonium lord
 95848 | Pan      | Got a demonic rune of Zot
 95954 | Pan      | Blown up by a cacodemon

Illustrated notes

Levels and vault maps discovered:
D:1:      wander_arrival_desolate, layout_loops_cross, minmay_tetromino_t4
D:2:      layout_loops_ring, hellmonk_ecumenical_altar_leap_of_faith,
          grunt_decor_resistance, uniq_jessica
D:3:      layout_basic, grunt_temple_overflow_open, minivault_27,
          chequers_serial_rivers_micro_b, uniq_robin
D:4:      minmay_inner_zag, layout_loops_ring, serial_shops, shop, st_stairs_4,
          uniq_blork_the_orc
D:5:      layout_loops_corners, serial_shops, shop, shop, shop,
          nicolae_shop_statue_plus, shop, nicolae_figureground_pulse
D:6:      layout_basic, minmay_temple_entry_tees
D:7:      layout_loops_ring, minmay_manual_mail
D:8:      layout_loops_ring
D:9:      layout_long_grid, amcnicky_altar_gilded, st_stairs_12,
          minmay_splitting_lines
D:10:     cheibrodos_ideogram_h, layout_irregular_city,
          mainiacjoe_overflow_brackets, uniq_erolcha, uniq_snorg
D:11:     layout_small_grid, grunt_lair_entry_orc_guard_hut
D:12:     layout_loops_ring, david_orc_2, minmay_fire_ice_demons,
          uniq_gastronok, uniq_nergalle, uniq_psyche
D:13:     layout_cave_pools, david_vaults_2, gauntlet_entry_generic,
          serial_park, serial_park_gazebo [serial_park_minivault_5x5_3],
          serial_park_tiny_1, serial_park_tiny_2, serial_park_square2,
          serial_park_tiny_2, serial_park_tiny_2, fake_guardian_serpent_vault
D:14:     layout_loops_ring, dreamdust_princess_corridor,
          nicolae_trove_entry_free_sample
D:15:     grunt_enter_depths_magical_seal, layout_rooms,
          dreamdust_mushroom_princess, uniq_louise, uniq_agnes
Temple:   minmay_temple_bridge_d
Lair:1:   layout_loops_ring, cheibrodos_lair_reptile_den
Lair:2:   mu_elephants_graveyard, layout_regular_city
Lair:3:   layout_gridlike, elwin_shoals_entry_rocks,
          minmay_snake_entry_guardpost_small, infiniplex_staircase_pool,
          serial_bayou_shore_b, lemuel_fruit_fields
Lair:4:   layout_loops_ring, special_room [special_room_bee],
          infiniplex_staircase_pool_2
Lair:5:   evilmike_catoblepas_cave, layout_regular_city,
          dpeg_slime_entry_corner, chequers_serial_rivers_micro_c,
          kennysheep_abandoned_house, grunt_megastairs_2
Shoals:1: layout_shoals, serial_shops, shop, nicolae_shop_trees, shop, shop,
          uniq_nikola
Shoals:2: layout_shoals, lightli_airlock
Shoals:3: layout_shoals, uniq_polyphemus, uniq_donald
Shoals:4: shoals_end_grunt_ice, layout_shoals, serial_shops, shop
Snake:1:  layout_misc_corridors
Snake:2:  layout_cave_pods
Snake:3:  layout_misc_corridors, serial_shops, shop, shop, nicolae_shop_stone,
          nicolae_shop_bloodbath_and_beyond, shop, corexii_hall_statues_x,
          nicolae_snake_shapes
Snake:4:  snake_pit, layout_basic, lemuel_oklob_altar, minmay_shop_star,
          serial_bayou_shore_b
Slime:1:  cheibrodos_slime_lost_civilization_3, layout_caves,
          nicolae_slime_phagocytosis
Slime:2:  layout_caves
Slime:3:  layout_caves
Slime:4:  layout_caves
Slime:5
Orc:1:    dreamdust_wu_jian_sword_trials, layout_caves, serial_shops, shop,
          mines2_david
Orc:2:    st_orc_rangers, layout_caves, portal_ice_cave_rime, basic_altar,
          uniq_azrael
Elf:1:    eino_elf_arrival_sip, layout_onion_city, ebering_ghost_gozag,
          hangedman_elf_disciples, elves_outpost_lemuel, uniq_kirke
Elf:2:    nicolae_elf_blades_crystal_corner, layout_gridlike, serial_shops, shop
Elf:3:    elf_hall, layout_geoelf_octagon, serial_shops, shop,
          gammafunk_ghost_arena, grunt_ministairs_6, hangedman_summoners_spam
Vaults:1: vaults_mumra_chevron_long, vaults_dpeg_diagonal,
          hangedman_vaults_slither, vaults_room_boxed, v_misc_27,
          nicolae_vaults_little_squares_6, layout_vaults_quadrants
Vaults:2: ontoclasm_vaults_bender, vaults_mumra_hex, st_smaller_cells,
          nicolae_vaults_stairing_the_circle, v_misc_3,
          nicolae_vaults_rhombus_6, ontoclasm_vaults_misaligned,
          nicolae_vaults_big_ls, v_misc_30, ontoclasm_vaults_loading_screen,
          v_misc_9, nicolae_vaults_circle_grid_b,
          nicolae_vaults_ring_of_whatevers, ontoclasm_vaults_fault,
          v_alt_pattern_1, layout_vaults_maze, uniq_saint_roka
Vaults:3: nicolae_vaults_asterisk, v_misc_27, v_rooms_4,
          minmay_crypt_entry_necro_gods, hangedman_vaults_locks,
          vaults_dpeg_hooks, grunt_vaults_diagonal, v_misc_5, vaults_room_pool,
          nicolae_vaults_what_the_h, nicolae_vaults_mini_display_case,
          layout_vaults_big_room, serial_shops, nicolae_shop_trees
Vaults:4: vaults_room_hangedman_quadrants, ontoclasm_vaults_twist,
          nicolae_vaults_little_squares_1, hangedman_vaults_maws, v_misc_5,
          serial_ice_g, hangedman_vaults_variations, ontoclasm_vaults_ligature,
          nicolae_vaults_three_branches, v_misc_18, v_misc_24, v_rooms_6,
          layout_vaults_ring
Vaults:5
Crypt:1:  layout_rooms, glass_columns_a, grunt_crypt_arrival_split,
          uniq_bai_suzhen
Crypt:2:  layout_catacombs, serial_sigils_hangedman_shear, uniq_boris
Crypt:3:  david_glass_crypt, layout_chaotic_city, tomb_entry_simple_bobbens
Depths:1: layout_gridlike, pf_hell_entry_tar_spiral, minmay_crystal_water,
          minmay_misc_feat_alley, onia_ninara_cookie, grunt_megastairs_4,
          minmay_shop_grove
Depths:2: kennysheep_oblong_rooms, layout_cave_pools,
          grunt_pan_entry_in_and_out, grunt_hell_horde,
          kennysheep_generic_room_13, uniq_sojobo
Depths:3: kennysheep_blocky_room, layout_cave_pools,
          hangedman_abyss_entry_splay, hangedman_glass_teeth,
          grunt_hell_entry_dis_old, hangedman_decor_growths,
          argonaut_fire_from_heaven
Depths:4: grunt_zot_entry_pinwheel, layout_twisted_cross, enter_ziggurat_f,
          hell_entry, abyss_entry, uniq_enchantress, uniq_josephina
Zot:1:    layout_concentric_octagons, serial_nicolae_subway,
          nicolae_sub_station_crystal, nicolae_sub_station_stone,
          nicolae_sub_station_metal, grunt_megastairs_3
Zot:2:    layout_gridlike
Zot:3:    nicolae_zot_draconian_monastery, layout_cellular_growth
Zot:4:    layout_misc_corridors, gammafunk_ghost_wrathful_warriors,
          lemuel_lich_library
Zot:5:    layout_gridlike, gammafunk_ghost_crypt
Pan:      pan_disco_hall, layout_pan_divisions_a [pan_division_quadrant_a5,
          pan_division_quadrant_a3, pan_division_quadrant_a4,
          pan_division_quadrant_a4, pan_division_octagon_divided],
          pan_blood_fountain, uniq_mennas_pan, nicolae_pan_mnolegish_4,
          evilmike_mini_pan_V, layout_pan_divisions_a [pan_division_quadrant_a4,
          pan_division_quadrant_a2, pan_division_quadrant_a4,
          pan_division_quadrant_a4, pan_division_octagon_rings]

Skill      XL: |  1  2  3  4  5  6  7  8  9 10 11 12 13 14 15 16 17 18 19 20 21 22 23 24 25 26 27 |
---------------+----------------------------------------------------------------------------------+-----
Spellcasting   | 5 6 7 8 10 12 14 16 18 20 21 23 24 26 27 | 27.0
Fighting       | 1 2 3 4 5 6 7 8 9 10 11 12 13 14 16 | 16.7
Armour         | 1 3 4 5 6 7 8 9 10 11 13 14 15 17 | 17.4
Conjurations   | 2 3 4 5 7 8 9 11 12 13 14 15 16 17 19 21 22 24 25 27 | 27.0
Stealth        | 3 |  3.1
Dodging        | 3 |  3.0
Fire Magic     | 1 2 3 4 6 7 9 10 11 13 14 15 16 17 18 19 20 21 22 24 26 27 | 27.0
Air Magic      | 1 |  1.2
Poison Magic   | 1 |  1.0
Evocations     | 1 |  1.2
Transmutations | 1 |  1.0
Earth Magic    | 1 |  1.1
Necromancy     | 2 5 8 11 15 | 15.4
Shields        | 3 5 |  5.0
Summonings     | 2 9 13 15 16 17 19 23 | 23.8
Ice Magic      | 1 |  1.0
Translocations | |  1.1

Action                   |  1- 3 |  4- 6 |  7- 9 | 10-12 | 13-15 | 16-18 | 19-21 | 22-24 | 25-27 || total
-------------------------+-------+-------+-------+-------+-------+-------+-------+-------+-------++-------
Melee: Dagger            |    21 |       |       |       |       |       |       |       |       ||    21
       Short sword       |     8 |     1 |       |       |       |       |       |       |       ||     9
       Trident           |       |    26 |   114 |   233 |    99 |       |       |       |       ||   472
       Punch             |       |     1 |       |     3 |       |       |       |       |       ||     4
       Staff             |       |       |       |       |       |     4 |     5 |       |     5 ||    14
 Cast: Magic Dart        |    76 |   125 |   108 |    34 |     6 |     1 |       |       |       ||   350
       Mephitic Cloud    |     1 |     4 |    14 |    75 |    21 |     1 |     1 |       |     1 ||   118
       Call Imp          |     1 |     1 |     1 |     6 |    10 |       |       |       |       ||    19
       Conjure Flame     |       |       |    18 |    82 |    42 |     2 |       |       |       ||   144
       Foxfire           |       |       |    70 |   353 |   129 |     1 |       |       |       ||   553
       Blink             |       |       |       |    14 |    34 |     5 |     3 |     5 |     2 ||    63
       Fireball          |       |       |       |       |   453 |   599 |   284 |    17 |    72 ||  1425
       Iron Shot         |       |       |       |       |    27 |    15 |    76 |    27 |   210 ||   355
       Wereblood         |       |       |       |       |     5 |     1 |       |       |       ||     6
       Swiftness         |       |       |       |       |     2 |     1 |     1 |     5 |     1 ||    10
       Orb of Destructio |       |       |       |       |       |    11 |    17 |    30 |     3 ||    61
       Fire Storm        |       |       |       |       |       |       |   157 |   332 |   470 ||   959
       Haunt             |       |       |       |       |       |       |       |     2 |       ||     2
       Freezing Cloud    |       |       |       |       |       |       |       |       |     1 ||     1
Evoke: Wand              |       |       |       |     9 |     4 |     1 |     3 |     6 |     2 ||    25
  Use: Scroll            |       |     9 |       |     7 |    11 |     2 |     1 |     8 |       ||    38
       Potion            |       |       |       |       |     1 |       |     1 |     2 |     5 ||     9
 Stab: Sleeping          |       |     3 |       |     1 |     1 |       |       |       |       ||     5
       Confused          |       |     1 |    11 |    26 |     2 |       |       |       |       ||    40
Armor: Robe              |     6 |       |       |    41 |    52 |       |       |       |       ||    99
       Leather armour    |       |    14 |    13 |    43 |    53 |    22 |     6 |       |       ||   151
       Troll leather arm |       |       |       |     4 |       |       |       |       |       ||     4
       Scale mail        |       |       |       |       |       |       |       |    45 |    74 ||   119
Dodge: Dodged            |    26 |    30 |    44 |   172 |   183 |    48 |    22 |    23 |    56 ||   604
Block: Buckler           |       |       |       |       |       |    43 |    24 |    24 |    33 ||   124
       Reflection        |       |       |       |       |       |    17 |    12 |     1 |       ||    30
       Other             |       |       |       |       |       |     1 |       |       |       ||     1

Table legend: (Time is in decaauts)
 A = Elapsed time spent in this place.
 B = Non-inter-level travel time spent in this place.
 C = Inter-level travel time spent in this place.
 D = Time resting spent in this place.
 E = Time spent auto-exploring this place.
 F = Levels seen in this place.
 G = Mean time per level.
                   A        B        C        D        E       F      G
               +--------+--------+--------+--------+--------+-----+--------+
         Total |  96460 |  84695 |  11765 |  20924 |  47985 |  63 | 1531.1 |
       Dungeon |  24694 |  18923 |   5771 |   2810 |  12065 |  15 | 1646.3 |
        Temple |    516 |    456 |     60 |      0 |    112 |   1 |  516.0 |
          Lair |   9740 |   8393 |   1347 |   1905 |   5532 |   5 | 1948.0 |
        Shoals |   7045 |   6772 |    273 |   1830 |   4128 |   4 | 1761.2 |
     Snake Pit |   4897 |   4743 |    154 |   1283 |   2910 |   4 | 1224.2 |
    Slime Pits |   4556 |   4136 |    420 |   1035 |   2391 |   5 |  911.2 |
  Orcish Mines |   2845 |   2307 |    538 |    647 |   1364 |   2 | 1422.5 |
   Elven Halls |   6439 |   5688 |    751 |   1641 |   2922 |   3 | 2146.3 |
        Vaults |  13293 |  12497 |    796 |   3954 |   6948 |   5 | 2658.6 |
         Crypt |   2860 |   2723 |    137 |    823 |   1488 |   3 |  953.3 |
        Depths |   6729 |   5983 |    746 |   1477 |   3818 |   4 | 1682.2 |
           Zot |   7556 |   6789 |    767 |   1873 |   3452 |   5 | 1511.2 |
         Abyss |   3406 |   3406 |      0 |   1275 |     64 |   3 | 1135.3 |
   Pandemonium |   1300 |   1300 |      0 |    244 |    611 |   2 |  650.0 |
         Trove |     40 |     40 |      0 |      0 |      5 |   1 |   40.0 |
      Gauntlet |    536 |    536 |      0 |    127 |    175 |   1 |  536.0 |
               +--------+--------+--------+--------+--------+-----+--------+

Top non-repeatable levels by time:
Vaults:2: 3244 daAuts
    D:12: 2784 daAuts
Vaults:1: 2746 daAuts
     D:9: 2606 daAuts
    D:10: 2569 daAuts
Vaults:3: 2564 daAuts
   Elf:3: 2536 daAuts
Vaults:4: 2501 daAuts
Vaults:5: 2235 daAuts
  Lair:4: 2229 daAuts
   Elf:1: 2207 daAuts
Shoals:1: 2196 daAuts
  Lair:5: 2182 daAuts
    D:14: 2113 daAuts
  Lair:1: 2067 daAuts
